 Dungeon Crawl Stone Soup version 0.19-a0-786-g904d2f3 (webtiles) character file.

84 AlphabetPasta the Grasshopper (level 4, 0/36 HPs)
             Began as a Centaur Warper on June 26, 2016.
             Slain by an orc
             ... wielding a +0 hand axe
              (4 damage)
             ... on level 3 of the Dungeon.
             The game lasted 00:09:04 (2151 turns).

AlphabetPasta the Grasshopper (Centaur Warper)      Turns: 2151, Time: 00:09:05

Health: 0/36       AC:  4    Str: 14    XL:     4   Next: 23%
Magic:  7/7        EV:  9    Int: 12    God:
Gold:   43         SH:  0    Dex:  9    Spells: 3 memorised, 2 levels left

rFire  . . .     SeeInvis .     a - +0 trident
rCold  . . .     Gourm    .     b - +0 leather armour
rNeg   . . .     Faith    .     (no shield)
rPois  .         Spirit   .     (no helmet)
rElec  .         Dismiss  .     (no cloak)
rCorr  .         Reflect  .     (no gloves)
SustAt .         Harm     .     (no barding)
MR     .....                    (no amulet)
Stlth  ..........               (no ring)
                                (no ring)

@: very quick, not resistant to hostile enchantments, extremely unstealthy
A: hooves 3, deformed body, speed 2, tough skin 3
a: no special abilities


You were on level 3 of the Dungeon.
You were not hungry.

You visited 1 branch of the dungeon, and saw 4 of its levels.

You collected 43 gold pieces.

Inventory:

Hand Weapons
 a - a +0 trident (weapon)
 u - a +0 spear
 x - a +0 shortbow
Missiles
 e - 2 tomahawks of dispersal (quivered)
 r - 58 arrows
 y - a tomahawk
Armour
 b - a +0 leather armour (worn)
Scrolls
 d - a scroll of blinking
 h - 2 scrolls of identify {unknown}
 k - a scroll of remove curse {unknown}
 n - a scroll of recharging {unknown}
 o - a scroll of magic mapping {unknown}
 p - a scroll of immolation {unknown}
 q - a scroll of amnesia {unknown}
 s - a scroll of enchant weapon {unknown}
Potions
 g - a potion of degeneration {unknown}
 i - 2 potions of curing {unknown}
 l - 2 potions of lignification {unknown}
 m - a potion of flight {unknown}
 t - a potion of ambrosia {unknown}
 w - a potion of invisibility {unknown}
Books
 c - a book of Spatial Translocations

   Spells                             Type                      Level
   a - Apportation                    Translocation                1
   b - Blink                          Translocation                2
   c - Shroud of Golubria             Charms/Translocation         2
   d - Portal Projectile              Translocation                3
   e - Teleport Other                 Translocation                3
   f - Passage of Golubria            Translocation                4
Comestibles
 f - 4 bread rations
 j - a beef jerky
 v - 3 chunks of flesh


   Skills:
 + Level 2.2 Fighting
 * Level 2.5 Polearms
 * Level 0.0 Bows
 - Level 1.1 Throwing
 + Level 1.1 Armour
 + Level 1.8 Dodging
 + Level 2.0 Spellcasting
 * Level 3.1 Translocations


You had 2 spell levels left.
You knew the following spells:

 Your Spells              Type           Power        Failure   Level  Hunger
a - Apportation           Tloc           #.........   12%         1    ##.....
b - Blink                 Tloc           N/A          14%         2    ###....
c - Shroud of Golubria    Chrm/Tloc      #.........   28%         2    ###....


Dungeon Overview and Level Annotations

Branches:
Dungeon (4/15)
 Temple: D:4-7

Altars:

Annotations:
D:3 Grinder


Innate Abilities, Weirdness & Mutations

You have hooves in place of feet.
Armour fits poorly on your strangely shaped body.
You cover ground very quickly.
You have extremely tough skin. (AC +3)


Message History

Level annotation: Grinder
There is a stone staircase leading down here.
You hit the orc. You kick the orc.
The orc is heavily wounded.
The orc barely misses you.
You barely miss the orc.
The orc is heavily wounded.
The orc hits you with a hand axe.
* * * LOW HITPOINT WARNING * * *
You barely miss the orc. Your kick misses the orc.
The orc is heavily wounded.
The orc hits you with a hand axe.
* * * LOW HITPOINT WARNING * * *
You completely miss the orc.
The orc is heavily wounded.
The orc hits you but does no damage.
You hit the orc.
The orc is heavily wounded.
The orc hits you with a hand axe.
You die...

.#<#.#.. .#.#.#.###### #...
(#.#.#......# #... .#.#.#......#
+.. .#.#.#......# #..
...#.#......# #.##############
####.#......# #...............
.....#......#.####l..รท###########
................@oo...#
####.#.5....#.#####...#
#.....###### #...# #.#.### ##+##
#.#.# #.#.# #.#.# ##.#.# ...#.#


You could see 2 orcs and a giant newt.

Vanquished Creatures
  3 adders (D:2)
  A worm (D:2)
  2 dart slugs (D:1)
  5 giant geckos
  An orc (D:4)
  2 bats (D:1)
  A giant cockroach (D:2)
  3 goblins
  7 hobgoblins
  4 jackals (D:1)
  A ball python (D:3)
  4 giant newts
  4 kobolds
  7 rats
45 creatures vanquished.

Notes
Turn   | Place    | Note
--------------------------------------------------------------
     0 | D:1      | AlphabetPasta the Centaur Warper began the quest for the Orb.
     0 | D:1      | Reached XP level 1. HP: 17/17 MP: 3/3
   132 | D:1      | Reached XP level 2. HP: 19/24 MP: 4/4
   136 | D:1      | Learned a level 2 spell: Blink
   374 | D:1      | Reached skill level 3 in Translocations
   505 | D:1      | Reached XP level 3. HP: 23/29 MP: 5/5
   509 | D:1      | Learned a level 2 spell: Shroud of Golubria
   931 | D:2      | Reached skill level 1 in Armour
  1586 | D:2      | Reached XP level 4. HP: 28/36 MP: 6/6
  1806 | D:3      | Noticed Grinder
  1809 | D:3      | Paralysed by Grinder for 4 turns
  2151 | D:3      | Slain by an orc

Vault maps used:
D:1:      minmay_arrival_jagged, minmay_misc_feat_doors
D:3:      uniq_grinder, uniq_robin
D:4:      uniq_duvessa

Skill      XL: |  1  2  3  4 |
---------------+-------------+-----
Polearms       | 2 |  2.5
Translocations | 3 |  3.1
Armour         | 1 |  1.1
Spellcasting   | 2 |  2.0
Fighting       | |  2.2
Throwing       | |  1.1
Dodging        | |  1.8

Action                   |  1- 3 |  4- 6 || total
-------------------------+-------+-------++-------
Melee: Spear             |    99 |       ||    99
       Kick              |    11 |    11 ||    22
       Trident           |    64 |    55 ||   119
Throw: Tomahawk          |     3 |       ||     3
 Cast: Shroud of Golubri |       |     1 ||     1
  Eat: Chunk             |     1 |     2 ||     3
Armor: Leather armour    |    31 |    18 ||    49
Dodge: Dodged            |    54 |    22 ||    76
